 Dungeon Crawl Stone Soup version 0.17.0-28-g6e173f8 (webtiles) character file.

236 homeworkjunkie the Covert (level 5, -1/26 HPs)
             Began as a Spriggan Assassin on Dec 3, 2015.
             Slain by an orc
             ... wielding a +0 hand axe
              (4 damage)
             ... on level 4 of the Dungeon.
             The game lasted 00:06:36 (3001 turns).

homeworkjunkie the Covert (Spriggan Assassin)       Turns: 3001, Time: 00:06:37

Health: -1/26      AC:  5    Str:  7    XL:     5   Next: 77%
Magic:  6/6        EV: 21    Int: 13    God:
Gold:   152        SH:  0    Dex: 23    Spells: 0 memorised, 4 levels left

rFire  . . .     SeeInvis +     a - +2 dagger
rCold  . . .     Clarity  .     c - +0 robe
rNeg   . . .     SustAt   .     (shield restricted)
rPois  .         Gourm    .     (helmet restricted)
rElec  .         Spirit   .     s - +2 cloak
rCorr  .         Warding  .     (gloves unavailable)
rMut   .         Stasis   .     (boots unavailable)
MR     .....                    (no amulet)
Stlth  +++++.....               (no ring)
                                m - +5 ring of dexterity

@: very quick, not resistant to hostile enchantments, quite stealthy
A: unfitting armour, see invisible, herbivore 3, speed 3, slow metabolism 2
a: no special abilities


You were on level 4 of the Dungeon.
You were not hungry.

You visited 1 branch of the dungeon, and saw 4 of its levels.

You collected 152 gold pieces.

Inventory:

Hand Weapons
 a - a +2 dagger (weapon)
 b - a +0 blowgun
 q - a +0 hunting sling
Armour
 c - a +0 robe (worn)
 s - a +2 cloak (worn)
Jewellery
 m - a +5 ring of dexterity (left hand)
Wands
 e - a wand of magic darts (4)
Scrolls
 k - a scroll of remove curse
Potions
 l - a potion of flight
 n - 2 potions of agility
 o - a potion of magic
Comestibles
 g - 2 bread rations
 h - 2 fruits


   Skills:
 * Level 2.0 Fighting
 * Level 3.2 Short Blades
 * Level 0.2(2.2) Slings
 * Level 3.0 Throwing
 * Level 3.9 Dodging
 * Level 8.2 Stealth
 * Level 0.3 Evocations


You had 4 spell levels left.
You didn't know any spells.

Dungeon Overview and Level Annotations

Branches:
Dungeon (4/15)
 Temple: D:4-7

Altars:
Qazlal
Vehumet

Annotations:
D:3 gorblad's ghost, amateur SpAs
D:4 Duvessa


Innate Abilities, Weirdness & Mutations

You are tiny and cannot use many weapons and most armour.
You have supernaturally acute eyesight.
You are a herbivore.
You cover ground extremely quickly.
You need consume almost no food.


Message History

You closely miss the orc.
The orc is moderately wounded.
The jackal completely misses you. The jackal closely misses you.
The orc barely misses you.
You barely miss the orc.
The orc is moderately wounded.
The jackal bites you but does no damage.
The jackal closely misses you.
You closely miss the orc.
The orc is moderately wounded.
The jackal bites you but does no damage.
The orc completely misses you.
The jackal bites you but does no damage.
The jackal barely misses you.
Drink which item? (? for menu, Esc to quit)
Okay, then.
You hit the orc.
The orc is heavily wounded.
The jackal misses you. The orc hits you with a hand axe.
You die...

..#.# #.#.# #.# #...## #.#
.. #...#####.## # ..
#..........# ###.# . #
#.#........###...# .# .#
#.#........##..######.#.#
#.#...........h##.......#
#.#........##lh@o.<.....#
#..........#.h###.......#
###...........# #)......#
<...####.....###.....#####
....# ##..#...........
....................)....
o......##....[............#
.................>........#
..........................#


You could see an orc, 3 jackals and a giant newt.

Vanquished Creatures
  Crazy Yiuf (D:2)
  2 orc wizards
  A worker ant (D:4)
  6 adders
  2 worms (D:2)
  A giant gecko (D:1)
  7 orcs
  3 ball pythons
  9 bats
  8 hobgoblins
  5 jackals
  3 kobolds
  A quokka (D:2)
  2 giant cockroaches
  3 giant newts
  6 goblins
  10 rats
  A fungus (D:2)
71 creatures vanquished.

Notes
Turn   | Place    | Note
--------------------------------------------------------------
     0 | D:1      | homeworkjunkie the Spriggan Assassin began the quest for the Orb.
     0 | D:1      | Reached XP level 1. HP: 10/10 MP: 2/2
    40 | D:1      | Reached skill level 6 in Stealth
   211 | D:2      | Reached XP level 2. HP: 14/14 MP: 3/3
   360 | D:3      | Noticed gorblad's ghost (amateur SpAs)
   528 | D:2      | Reached XP level 3. HP: 7/18 MP: 4/4
   666 | D:2      | Reached skill level 7 in Stealth
   718 | D:2      | Found a stormy altar of Qazlal.
  1475 | D:1      | Reached XP level 4. HP: 23/23 MP: 5/5
  1824 | D:2      | Noticed Crazy Yiuf
  1830 | D:2      | Killed Crazy Yiuf
  1830 | D:2      | Reached skill level 8 in Stealth
  2271 | D:2      | You fall through a shaft for 2 floors!
  2300 | D:4      | Noticed Duvessa
  2309 | D:3      | Found a radiant altar of Vehumet.
  2343 | D:3      | Reached XP level 5. HP: 7/26 MP: 6/6
  3001 | D:4      | Slain by an orc

Action                   |  1- 3 |  4- 6 || total
-------------------------+-------+-------++-------
Melee: Dagger            |    96 |   149 ||   245
 Fire: Blowgun           |    16 |    13 ||    29
  Use: Scroll            |     3 |     4 ||     7
       Potion            |     2 |     1 ||     3
 Stab: Sleeping          |     9 |     6 ||    15
       Distracted        |       |     1 ||     1
